PBL
COLORADO ROCKIES @ SEATTLE MARINERS
07/27/2071
 
TOP OF THE 1ST
Colorado Rockies batting - Pitching for Seattle Mariners : RHP Pepe Rivas
Pitching: RHP Pepe Rivas
Batting: RHB Cedric McNeill 0-0: Bunt for hit to 2R - play at first, batter OUT! 2-3
Batting: RHB Ryan Russell 0-0: Called Strike
0-1: Called Strike
0-2: Strikes out looking
Batting: RHB Chip Smith 0-0: Called Strike
0-1: Foul Ball, location: 7LDF
0-2: SOLO HOME RUN (Flyball, 8RXD, EV 111.9 MPH), Distance : 432 ft
Batting: LHB Kokei Kobayashi 0-0: Ball
1-0: Ball
2-0: Swinging Strike
2-1: Foul Ball, location: 3SF
2-2: Strikes out swinging
Top of the 1st over - 1 run, 1 hit, 0 errors, 0 left on base; Colorado 1 - Seattle 0
BOTTOM OF THE 1ST
Seattle Mariners batting - Pitching for Colorado Rockies : RHP Mike O'Brien
Pitching: RHP Mike O'Brien
Batting: LHB Rob Altobelli 0-0: Called Strike
0-1: Ball
1-1: SINGLE (Line Drive, 8LS, EV 101.3 MPH)
Batting: RHB Ralph Irwin 0-0: Called Strike
0-1: Foul Ball, location: 2F
0-2: Ball
1-2: DOUBLE (Groundball, 5L, EV 103.8 MPH)
Rob Altobelli to third
Batting: LHB Adam O'Kearin 0-0: Ball
1-0: SINGLE (Line Drive, 4D, EV 100.0 MPH)
Rob Altobelli scores
Ralph Irwin to third
Batting: RHB Mark Taylor 0-0: Ball
1-0: Ball
2-0: Swinging Strike
2-1: Fielders Choice at 2nd, 5-4 (Groundball, 56, EV 90.0 MPH)
Ralph Irwin scores
Batting: SHB Pete Williams 0-0: Ball
1-0: Ball
2-0: Ball
3-0: Called Strike
3-1: SINGLE (Line Drive, 4MD, EV 94.4 MPH)
Mark Taylor to second
Batting: RHB Ronald McDonald 0-0: Ball
1-0: Grounds into double play, 4-6-3 (Groundball, 4M, EV 82.5 MPH)
Bottom of the 1st over - 2 runs, 4 hits, 0 errors, 1 left on base; Colorado 1 - Seattle 2
TOP OF THE 2ND
Colorado Rockies batting - Pitching for Seattle Mariners : RHP Pepe Rivas
Batting: SHB Forbes Utting 0-0: Ball
1-0: Ball
2-0: Ball
3-0: Called Strike
3-1: Foul Ball, location: 2F
3-2: Fly out, F8 (Flyball, 8LM, EV 86.9 MPH)
Batting: RHB Felipe Andrade 0-0: Called Strike
0-1: Foul Ball, location: 23F
0-2: DOUBLE (Line Drive, 7LM, EV 96.9 MPH)
Batting: SHB William Pearson 0-0: Swinging Strike
0-1: Foul Ball, location: 5FF
0-2: Foul Ball, location: 9LMF
0-2: Ball
1-2: Ground out 1-3 (Groundball, 13S, EV 65.0 MPH)
Batting: LHB Ángel Hernández 0-0: Ball
1-0: Ball
2-0: Ball
3-0: Called Strike
3-1: Foul Ball, location: 5F
3-2: SINGLE (Groundball, 34D, EV 104.4 MPH)
Felipe Andrade to third
Runner from 3rd tries for Home, SAFE, throw by RF to home
Ángel Hernández to second
Batting: RHB Roberto Marín 0-0: Ball
Wild Pitch!
Ángel Hernández to third
1-0: Ball
2-0: Ball
3-0: Base on Balls
Batting: RHB Cedric McNeill 0-0: Ball
1-0: Swinging Strike
1-1: Ball
2-1: Swinging Strike
Pickoff Throw to First - Out! 1-3
Top of the 2nd over - 1 run, 2 hits, 0 errors, 1 left on base; Colorado 2 - Seattle 2
BOTTOM OF THE 2ND
Seattle Mariners batting - Pitching for Colorado Rockies : RHP Mike O'Brien
Batting: SHB Nick Manning 0-0: Swinging Strike
0-1: Called Strike
0-2: Strikes out swinging
Batting: RHB Raúl Contreras 0-0: SINGLE (Groundball, 56S, EV 70.0 MPH) (infield hit)
Batting: LHB Mike Heethe 0-0: Called Strike
0-1: Ball
1-1: Ball
2-1: Foul Ball, location: 23FF
2-2: Ball
3-2: Strikes out swinging
Batting: LHB Rob Altobelli 0-0: SINGLE (Line Drive, 4D, EV 98.1 MPH)
Raúl Contreras to second
Runner from 2nd tries for 3rd, SAFE, no throw by RF
Batting: RHB Ralph Irwin 0-0: Called Strike
0-1: Ball
1-1: Called Strike
1-2: Ball
2-2: Ball
3-2: Foul Ball, location: 9LSF
3-2: DOUBLE (Flyball, 8RXD, EV 91.3 MPH)
Raúl Contreras scores
Rob Altobelli to third
Rob Altobelli scores
Batting: LHB Adam O'Kearin 0-0: Swinging Strike
0-1: Called Strike
0-2: Ball
1-2: Ground out 4-3 (Groundball, 4, EV 88.1 MPH)
Bottom of the 2nd over - 2 runs, 3 hits, 0 errors, 1 left on base; Colorado 2 - Seattle 4
TOP OF THE 3RD
Colorado Rockies batting - Pitching for Seattle Mariners : RHP Pepe Rivas
Batting: RHB Cedric McNeill 0-0: Ball
1-0: Ball
2-0: Called Strike
2-1: SINGLE (Line Drive, 9S, EV 109.4 MPH)
Batting: RHB Ryan Russell 0-0: Ball
1-0: SINGLE (Line Drive, 9S, EV 96.9 MPH)
Cedric McNeill to second
Batting: RHB Chip Smith 0-0: Ball
1-0: DOUBLE (Flyball, 78D, EV 93.1 MPH)
Cedric McNeill scores
Ryan Russell to third
Batting: LHB Kokei Kobayashi 0-0: Swinging Strike
0-1: Ball
1-1: DOUBLE (Groundball, 3D, EV 104.4 MPH)
Ryan Russell scores
Chip Smith scores
Pitching: RHP Jeffrey Montgomery
Batting: SHB Forbes Utting 0-0: Called Strike
0-1: Ball
1-1: Called Strike
1-2: Foul Ball, location: 3SF
1-2: Foul Ball, location: 25F
1-2: Foul Ball, location: 2F
1-2: Ball
2-2: Ground out U3 (Groundball, 3L, EV 78.1 MPH)
Kokei Kobayashi to third
Batting: RHB Felipe Andrade 0-0: Ball
1-0: Called Strike
1-1: Called Strike
1-2: DOUBLE (Line Drive, 78D, EV 106.3 MPH)
Kokei Kobayashi scores
Batting: SHB William Pearson 0-0: Called Strike
0-1: Ball
1-1: Ball
2-1: Fly out, F7 (Flyball, 7D, EV 90.6 MPH)
Batting: LHB Ángel Hernández 0-0: Called Strike
0-1: Ground out 4-3 (Groundball, 34D, EV 85.6 MPH)
Top of the 3rd over - 4 runs, 5 hits, 0 errors, 1 left on base; Colorado 6 - Seattle 4
BOTTOM OF THE 3RD
Seattle Mariners batting - Pitching for Colorado Rockies : RHP Mike O'Brien
Batting: RHB Mark Taylor 0-0: Called Strike
0-1: Ball
1-1: Called Strike
1-2: SINGLE (Groundball, 6M, EV 101.9 MPH)
Batting: SHB Pete Williams 0-0: Fly out, F8 (Line Drive, 8LM, EV 92.5 MPH)
Batting: RHB Ronald McDonald 0-0: Ball
1-0: Fly out, F9 (Flyball, 9, EV 94.4 MPH)
Batting: SHB Nick Manning 0-0: Ball
1-0: Called Strike
1-1: Ground out 4-3 (Groundball, 34S, EV 85.6 MPH)
Bottom of the 3rd over - 0 runs, 1 hit, 0 errors, 1 left on base; Colorado 6 - Seattle 4
TOP OF THE 4TH
Colorado Rockies batting - Pitching for Seattle Mariners : RHP Jeffrey Montgomery
Batting: RHB Roberto Marín 0-0: Ball
1-0: Called Strike
1-1: Foul Ball, location: 2F
1-2: Ball
2-2: Fly out, F9 (Flyball, 9, EV 84.4 MPH)
Batting: RHB Cedric McNeill 0-0: Reached via error on a dropped throw from 1B, E1 (Groundball, 34S, EV 81.9 MPH)
Batting: RHB Ryan Russell 0-0: Ball
1-0: Foul Ball, location: 3SF
1-1: SINGLE (Groundball, 34D, EV 107.5 MPH) (infield hit)
Cedric McNeill to second
Batting: RHB Chip Smith 0-0: Ball
1-0: Called Strike
1-1: Foul Ball, location: 2F
1-2: Strikes out swinging
Batting: LHB Kokei Kobayashi 0-0: Foul Ball, location: 7LDF
0-1: Ball
1-1: Foul Ball, location: 9LSF
1-2: Foul Ball, location: 2F
1-2: Ball
2-2: Strikes out swinging
Top of the 4th over - 0 runs, 1 hit, 1 error, 2 left on base; Colorado 6 - Seattle 4
BOTTOM OF THE 4TH
Seattle Mariners batting - Pitching for Colorado Rockies : RHP Mike O'Brien
Batting: RHB Raúl Contreras 0-0: Ball
1-0: Ground out 4-3 (Groundball, 4, EV 86.3 MPH)
Batting: LHB Mike Heethe 0-0: Ball
1-0: Ball
2-0: DOUBLE (Line Drive, 7LM, EV 104.4 MPH)
Batting: LHB Rob Altobelli 0-0: Foul Ball, location: 25F
0-1: Called Strike
0-2: DOUBLE (Line Drive, 9LM, EV 111.9 MPH)
Mike Heethe scores
Pitching: RHP Nick Cochrane
Batting: RHB Ralph Irwin 0-0: Called Strike
0-1: Ground out 2-3 (Groundball, 2L, EV 71.3 MPH)
Rob Altobelli to third
Batting: LHB Adam O'Kearin 0-0: Ball
1-0: Called Strike
1-1: Called Strike
1-2: Ball
2-2: Strikes out swinging
Bottom of the 4th over - 1 run, 2 hits, 0 errors, 1 left on base; Colorado 6 - Seattle 5
TOP OF THE 5TH
Colorado Rockies batting - Pitching for Seattle Mariners : RHP Jeffrey Montgomery
Batting: SHB Forbes Utting 0-0: Ball
1-0: Ground out U3 (Groundball, 3, EV 98.1 MPH)
Batting: RHB Felipe Andrade 0-0: Ball
1-0: Called Strike
1-1: Ball
2-1: Called Strike
2-2: SOLO HOME RUN (Flyball, 78XD, EV 102.5 MPH), Distance : 401 ft
Batting: SHB William Pearson 0-0: Ball
1-0: Fly out, F9 (Flyball, 9D, EV 83.1 MPH)
Batting: LHB Ángel Hernández 0-0: Ball
1-0: Ball
2-0: Ball
3-0: Called Strike
3-1: DOUBLE (Line Drive, 89XD, EV 103.8 MPH)
Batting: RHB Roberto Marín 0-0: Foul Ball, location: 23F
0-1: Swinging Strike
0-2: Fly out, F9 (Flyball, 9, EV 80.0 MPH)
Top of the 5th over - 1 run, 2 hits, 0 errors, 1 left on base; Colorado 7 - Seattle 5
BOTTOM OF THE 5TH
Seattle Mariners batting - Pitching for Colorado Rockies : RHP Nick Cochrane
Batting: RHB Mark Taylor 0-0: Called Strike
0-1: Swinging Strike
0-2: Foul Ball, location: 23F
0-2: Ball
1-2: Foul Ball, location: 7LMFF
1-2: Ball
2-2: Ball
3-2: Strikes out swinging
Batting: SHB Pete Williams 0-0: Called Strike
0-1: SINGLE (Line Drive, 89S, EV 86.9 MPH)
Batting: RHB Ronald McDonald 0-0: Called Strike
0-1: SINGLE (Groundball, 5D, EV 98.8 MPH)
Pete Williams to second
Batting: SHB Nick Manning 0-0: Called Strike
0-1: Ball
1-1: Fielders Choice at 2nd, 6-4 (Groundball, 6, EV 88.8 MPH)
Pete Williams to third
Batting: RHB Raúl Contreras 0-0: DOUBLE (Groundball, 5L, EV 110.0 MPH)
Pete Williams scores
Nick Manning to third
Batting: LHB Mike Heethe 0-0: Foul Ball, location: 2F
0-1: Foul Ball, location: 7LDF
0-2: Strikes out swinging
Bottom of the 5th over - 1 run, 3 hits, 0 errors, 2 left on base; Colorado 7 - Seattle 6
TOP OF THE 6TH
Colorado Rockies batting - Pitching for Seattle Mariners : RHP Jeffrey Montgomery
Pitching: RHP Jorge Bernard
Batting: RHB Cedric McNeill 0-0: Foul Ball, location: 23FF
0-1: Called Strike
0-2: Ball
1-2: Ball
2-2: Strikes out swinging
Batting: RHB Ryan Russell 0-0: Ball
1-0: Foul Ball, location: 2F
1-1: Ball
2-1: Ground out 6-3 (Groundball, 6M, EV 108.1 MPH)
Batting: RHB Chip Smith 0-0: Ground out U3 (Groundball, 3L, EV 89.4 MPH)
Top of the 6th over - 0 runs, 0 hits, 0 errors, 0 left on base; Colorado 7 - Seattle 6
BOTTOM OF THE 6TH
Seattle Mariners batting - Pitching for Colorado Rockies : RHP Nick Cochrane
Batting: LHB Rob Altobelli 0-0: Ground out 5-3 (Groundball, 5, EV 90.6 MPH)
Batting: RHB Ralph Irwin 0-0: SINGLE (Groundball, 6MS, EV 86.3 MPH) (infield hit)
Batting: LHB Adam O'Kearin 0-0: Called Strike
0-1: Called Strike
0-2: Grounds into double play, 5-4-3 (Groundball, 5, EV 99.4 MPH)
Bottom of the 6th over - 0 runs, 1 hit, 0 errors, 0 left on base; Colorado 7 - Seattle 6
TOP OF THE 7TH
Colorado Rockies batting - Pitching for Seattle Mariners : RHP Jorge Bernard
Batting: LHB Kokei Kobayashi 0-0: Called Strike
0-1: Foul Ball, location: 3DF
0-2: Single, Error in OF, E9, batter to second base (Line Drive, 34D, EV 97.5 MPH)
Batting: SHB Forbes Utting 0-0: Ball
1-0: Fly out, F9 (Flyball, 89D, EV 111.3 MPH)
Runner from 2nd tags up, SAFE at 3rd, no throw by RF
Batting: RHB Felipe Andrade 0-0: Called Strike
0-1: Called Strike
0-2: Foul Ball, location: 2F
0-2: Strikes out swinging
Batting: SHB William Pearson 0-0: Ball
1-0: Ball
2-0: Swinging Strike
2-1: Foul Ball, location: 25FF
2-2: Strikes out swinging
Top of the 7th over - 0 runs, 1 hit, 1 error, 1 left on base; Colorado 7 - Seattle 6
BOTTOM OF THE 7TH
Seattle Mariners batting - Pitching for Colorado Rockies : RHP Nick Cochrane
Batting: RHB Mark Taylor 0-0: Ball
1-0: SINGLE (Groundball, 6M, EV 94.4 MPH)
Batting: SHB Pete Williams 0-0: Ball
1-0: Swinging Strike
1-1: Fielders Choice at 2nd, 4-6 (Groundball, 34, EV 91.3 MPH)
Pinch Hitting: LHB Grady Arredondo 0-0: Ball
1-0: Called Strike
1-1: Ball
2-1: Fly out, F8 (Flyball, 8LM, EV 92.5 MPH)
Batting: SHB Nick Manning 0-0: Ball
1-0: Ball
2-0: Called Strike
2-1: Swinging Strike
2-2: Strikes out swinging
Bottom of the 7th over - 0 runs, 1 hit, 0 errors, 1 left on base; Colorado 7 - Seattle 6
TOP OF THE 8TH
Colorado Rockies batting - Pitching for Seattle Mariners : RHP Jorge Bernard
Now in RF: Grady Arredondo
Batting: LHB Ángel Hernández 0-0: Called Strike
0-1: Ball
1-1: Ball
2-1: Ball
3-1: Called Strike
3-2: Foul Ball, location: 23FF
3-2: Base on Balls
Batting: RHB Roberto Marín 0-0: Called Strike
0-1: Called Strike
0-2: Ball
1-2: Fly out, F9 (Flyball, 89S, EV 81.3 MPH)
Pinch Hitting: LHB Francisco González 0-0: Fly out, F4 (Line Drive, 4, EV 68.8 MPH)
Lined into DP, 4-3 (Line Drive, 4, EV 68.8 MPH)
Top of the 8th over - 0 runs, 0 hits, 0 errors, 0 left on base; Colorado 7 - Seattle 6
BOTTOM OF THE 8TH
Seattle Mariners batting - Pitching for Colorado Rockies : RHP Nick Cochrane
Pitching: RHP Alfred Bailey
Now at 2B: Ryan Russell
Now at 3B: Francisco González
Batting: RHB Raúl Contreras 0-0: Called Strike
0-1: Called Strike
0-2: Ball
1-2: Ground out 6-3 (Groundball, 6, EV 92.5 MPH)
Batting: LHB Mike Heethe 0-0: Called Strike
0-1: Ball
1-1: Ball
2-1: Foul Ball, location: 23F
2-2: Ball
3-2: Strikes out swinging
Batting: LHB Rob Altobelli 0-0: Swinging Strike
0-1: Foul Ball, location: 3F
0-2: Ball
1-2: Ball
2-2: Foul Ball, location: 5F
2-2: Strikes out swinging
Bottom of the 8th over - 0 runs, 0 hits, 0 errors, 0 left on base; Colorado 7 - Seattle 6
TOP OF THE 9TH
Colorado Rockies batting - Pitching for Seattle Mariners : RHP Jorge Bernard
Pitching: RHP Duane Plante
Batting: RHB Ryan Russell 0-0: Called Strike
0-1: Ball
1-1: Called Strike
1-2: SINGLE (Line Drive, 34, EV 99.4 MPH)
Batting: RHB Chip Smith 0-0: Called Strike
0-1: Swinging Strike
0-2: Strikes out looking
Batting: LHB Kokei Kobayashi 0-0: Foul Ball, location: 2F
0-1: Foul Ball, location: 2F
0-2: Strikes out swinging
Batting: SHB Forbes Utting 0-0: Ball
1-0: Ball
2-0: Fielders Choice at 2nd, U4 (Groundball, 4M, EV 83.8 MPH)
Top of the 9th over - 0 runs, 1 hit, 0 errors, 1 left on base; Colorado 7 - Seattle 6
BOTTOM OF THE 9TH
Seattle Mariners batting - Pitching for Colorado Rockies : RHP Alfred Bailey
Pitching: RHP Juan Ramos
Now in LF: Rubén Alaniz
Batting: RHB Ralph Irwin 0-0: Swinging Strike
0-1: Ball
1-1: Swinging Strike
1-2: Ball
2-2: Ball
3-2: Fly out, F7 (Flyball, 7LMF, EV 90.6 MPH)
Batting: LHB Adam O'Kearin 0-0: Ball
1-0: Called Strike
1-1: Called Strike
1-2: Strikes out swinging
Batting: RHB Mark Taylor 0-0: Foul Ball, location: 9LDF
0-1: Ball
1-1: Ground out 4-3 (Groundball, 4, EV 88.8 MPH)
Bottom of the 9th over - 0 runs, 0 hits, 0 errors, 0 left on base; Colorado 7 - Seattle 6
Saturday, May 4th , 2024 - OOTP Baseball 24.10 Build 82